 Dungeon Crawl Stone Soup version 0.29.1-15-g9cfb28693d (webtiles) character file.

Game seed: 235371891725418858

170 croobank the Sneak (level 5, -1/37 HPs)
             Began as an Octopode Delver on Feb 27, 2023.
             Slain by Natasha (8 damage)
             ... on level 3 of the Dungeon.
             The game lasted 00:07:04 (2546 turns).

croobank the Sneak (Octopode Delver)                Turns: 2546, Time: 00:07:05

Health: -1/37      AC:  1    Str: 11    XL:     5   Next: 51%
Magic:  5/5        EV: 14    Int: 15    God:
Gold:   155        SH:  0    Dex: 13    Spells: 4/4 levels left

rFire   + . .      SeeInvis .   u - +3 dagger
rCold   . . .      Faith    .   (no shield)
rNeg    . . .      Spirit   .   (helmet restricted)
rPois   .          Reflect  .   (no amulet)
rElec   .          Harm     .   t - ring of protection from fire
rCorr   .          Rampage  .   (no ring)
Will    .....                   (no ring)
Stlth   +++++.....              (no ring)
HPRegen 0.12/turn               (no ring)
MPRegen 0.09/turn               (no ring)
                                (no ring)
                                (no ring)

@: slowed, very slow
A: almost no armour, amphibious, 8 rings, camouflage 1, gelatinous body 1,
(nimble swimmer 1), tentacles
a: no special abilities


You were on level 3 of the Dungeon.
You visited 1 branch of the dungeon, and saw 5 of its levels.

You collected 155 gold pieces.

Inventory:

Hand Weapons
 a - a +0 hand axe
 u - a +3 dagger (weapon)
 v - a +2 dagger of protection
Magical Staves
 k - a staff of death
 o - a staff of fire
Jewellery
 c - a ring of fire
 t - a ring of protection from fire (left tentacle)
Wands
 d - a wand of paralysis (11)
 f - a wand of digging (3)
Scrolls
 b - a scroll of fog
 h - 3 scrolls of teleportation {unknown}
 l - 2 scrolls of enchant armour {unknown}
 n - a scroll of magic mapping
 p - a scroll of enchant weapon {unknown}
 r - 2 scrolls of identify {unknown}
 s - a scroll of acquirement {unknown}
Potions
 e - 2 potions of haste
 g - 2 potions of curing
 i - a potion of resistance {unknown}
 j - a potion of flight {unknown}
 m - a potion of magic {unknown}
 q - 2 potions of attraction {unknown}
 w - 2 potions of ambrosia {unknown}
 x - a potion of heal wounds {unknown}


   Skills:
 + Level 4.0 Fighting
 + Level 3.2 Axes
 + Level 3.1 Dodging
 + Level 7.6 Stealth


You had 4 spell levels left.
You didn't know any spells.
Your spell library contained the following spells:

 Spells                   Type           Power      Damage    Failure   Level
 Apportation              Tloc           0%         N/A       26%         1
 Necrotise                Necr           0%         1d4       26%         1
 Summon Small Mammal      Summ           0%         N/A       26%         1
 Summon Guardian Golem    Hex/Summ       0%         N/A       63%         3
 Dispersal                Tloc           0%         N/A       100%        6
 Orb of Destruction       Conj           0%         9d5       100%        7
 Spellforged Servitor     Conj/Summ      0%         N/A       100%        7
 Disjunction              Tloc           0%         N/A       100%        8


Dungeon Overview and Level Annotations

Branches:
Dungeon (5/15)
 Temple: D:4-7

Altars:
Dithmenos
Wu Jian

Shops:
D:3 :   D:5 [

Annotations:
D:3 1 runed translucent door, Crazy Yiuf, Natasha
D:5 Menkaure


Innate Abilities, Weirdness & Mutations

You cannot wear most types of armour.
You are amphibious.
You can wear up to eight rings at the same time.
Your skin changes colour to match your surroundings (Stealth+).
Your rubbery body absorbs attacks. (AC +1, EV +1)
((You are camouflaged when in or above water. (Stealth+)))
You have tentacles for arms and can constrict up to eight enemies at once.


Message History

You hit Natasha. Your grab misses Natasha.
Natasha is moderately wounded.
Natasha claws you. The goblin closely misses you.
You barely miss Natasha. Your grab misses Natasha. You squeeze Natasha.
Natasha is moderately wounded.
Natasha completely misses you. The goblin hits you with a +0 dagger.
You hit Natasha. Your grab misses Natasha. Your squeeze misses Natasha.
Natasha is heavily wounded.
The quokka misses you. Natasha barely misses you.
The goblin hits you with a +0 dagger. The quokka misses you.
You hit Natasha. Your grab misses Natasha.
Natasha is severely wounded.
Natasha barely misses you. The ball python closely misses you. x2
The quokka barely misses you. The goblin misses you.
You closely miss Natasha. You grab Natasha.
Natasha is severely wounded.
You constrict Natasha. The ball python bites you.
The ball python barely misses you. Natasha claws you!
The quokka barely misses you. The goblin barely misses you.
You hit Natasha but do no damage.
Natasha is severely wounded.
You constrict Natasha. The ball python barely misses you.
The ball python closely misses you. The quokka closely misses you.
Natasha casts a spell at you.
You feel yourself slow down. The goblin hits you but does no damage.
You barely miss Natasha.
Natasha is almost dead.
You constrict Natasha.
The ball python completely misses you. x2
The quokka bites you.
Natasha wildly gestures.
You feel troubled. Natasha casts a spell at you.
You feel as though you will be slow longer.
The ball python closely misses you. The ball python barely misses you.
The goblin hits you with a +0 dagger.
* * * LOW HITPOINT WARNING * * *
The quokka bites you.
* * * LOW HITPOINT WARNING * * *
Natasha claws you!
You die...

## ##>######
#.......##
#.......'
#.......#
#.......#
#......S######
#.....r@h....#
#.......g....#
#............#
##...........#
....#..########
###.#..#######
#.##.......#####
#.......#......#
###'##..#......#


You could see Natasha, a quokka, a goblin and a ball python.

Vanquished Creatures
  A hound (D:4)
  Jessica (D:2)
  Robin (D:2)
  3 adders
  A dart slug (D:1)
  An orc (D:4)
  2 ball pythons
  5 endoplasms
  3 giant cockroaches
  15 goblins
  5 hobgoblins
  2 jackals (D:1)
  2 kobolds (D:1)
  A quokka (D:4)
  3 bats
  A frilled lizard (D:1)
47 creatures vanquished.

Vanquished Creatures (others)
  Natasha (D:3)
1 creature vanquished.

Grand Total: 48 creatures vanquished

Notes
Turn   | Place    | Note
-------+----------+-------------------------------------------
     0 | D:5      | croobank the Octopode Delver began the quest for the Orb.
     0 | D:5      | Reached XP level 1. HP: 16/16 MP: 1/1
    21 | D:5      | Noticed a hound
    22 | D:5      | Noticed Menkaure
   339 | D:4      | Noticed an iguana
   376 | D:4      | Noticed an orc priest
   397 | D:4      | Reached XP level 2. HP: 21/21 MP: 2/2
   411 | D:4      | Reached skill level 7 in Stealth
   411 | D:4      | Reached XP level 3. HP: 7/26 MP: 3/3
   611 | D:3      | Noticed Natasha
   617 | D:3      | Killed Natasha
   618 | D:3      | Reached XP level 4. HP: 5/31 MP: 4/4
   937 | D:2      | Noticed Jessica
  1105 | D:1      | Found an ornate altar of the Wu Jian Council.
  1863 | D:2      | Noticed Robin
  1877 | D:2      | Reached XP level 5. HP: 24/37 MP: 5/5
  1885 | D:2      | Killed Robin
  1902 | D:2      | Killed Jessica
  2230 | D:2      | Found a shadowy altar of Dithmenos.
  2438 | D:3      | Found a runed translucent door.
  2439 | D:3      | Noticed Crazy Yiuf
  2504 | D:3      | Found Titrox's Book Shoppe.
  2534 | D:3      | Noticed Natasha
  2546 | D:3      | Slain by Natasha

Illustrated notes

Levels and vault maps discovered:
D:1:      dpeg_arrival_water_altar, layout_basic
D:2:      layout_loops_cross, basic_altar, nicolae_figureground_pulse,
          uniq_robin, uniq_jessica
D:3:      layout_basic, serial_shops, nicolae_shop_behind_doors,
          uniq_crazy_yiuf_cottage, uniq_natasha
D:4:      minmay_opposing_rooms, layout_basic
D:5:      layout_basic, serial_shops, nicolae_shop_trees, goddamned_bats,
          uniq_menkaure, uniq_sigmund, uniq_grinder

Skill      XL: |  1  2  3  4  5 |
---------------+----------------+-----
Stealth        | 7 |  7.6
Axes           | 3 |  3.2
Dodging        | 3 |  3.1
Fighting       | 4 |  4.0

Action                   |  1- 3 |  4- 6 || total
-------------------------+-------+-------++-------
Melee: Hand axe          |    21 |    64 ||    85
       Tentacles         |     4 |    11 ||    15
       Constrict         |     1 |    21 ||    22
       Punch             |       |     2 ||     2
       Dagger            |       |    15 ||    15
  Use: Scroll            |     1 |     1 ||     2
       Potion            |     1 |     2 ||     3
 Stab: Sleeping          |     4 |    15 ||    19
       Distracted        |       |     1 ||     1
Armor: Skin              |     1 |     1 ||     2
Dodge: Dodged            |    19 |    60 ||    79
